 Dungeon Crawl Stone Soup version 0.29-a0-271-gd4eb659eea (webtiles) character file.

Game seed: 5446157726295594600

123 siradein the Caller (level 4, -1/36 HPs)
             Began as a Draconian Summoner on Mar 8, 2022.
             Was an Initiate of Kikubaaqudgha.
             Slain by a gnoll
             ... wielding a +0 club
              (3 damage)
             ... on level 3 of the Dungeon.
             The game lasted 00:07:39 (3132 turns).

siradein the Caller (Draconian Summoner)            Turns: 3132, Time: 00:07:40

Health: -1/36      AC:  6    Str: 11    XL:     4   Next: 80%
Magic:  6/8        EV: 12    Int: 17    God:    Kikubaaqudgha [......]
Gold:   148        SH:  0    Dex: 11    Spells: 2/8 levels left

rFire   . . .      SeeInvis .   g - +1 falchion (drain)
rCold   + . .      Faith    .   (no shield)
rNeg    . . .      Spirit   .   (body armour unavailable)
rPois   .          Reflect  .   (helmet restricted)
rElec   .          Harm     .   e - +0 cloak
rCorr   .          Rampage  .   (no gloves)
Will    .....                   (no boots)
Stlth   ++........              (no amulet)
HPRegen 0.12/turn               c - ring of protection from cold
MPRegen 0.11/turn               (no ring)

@: no status effects
A: AC +5, unfitting armour, cold-blooded
a: Renounce Religion


You were on level 3 of the Dungeon.
You worshipped Kikubaaqudgha.
Kikubaaqudgha was noncommittal.
You visited 2 branches of the dungeon, and saw 5 of its levels.

You collected 148 gold pieces.

Inventory:

Hand Weapons
 f - a +0 long sword
 g - a +1 falchion of draining (weapon)
Armour
 e - a +0 cloak (worn)
Jewellery
 c - a ring of protection from cold (left hand)
Scrolls
 b - 2 scrolls of fog {unknown}
 h - 2 scrolls of fear
 j - 3 scrolls of teleportation {unknown}
 n - a scroll of noise {unknown}
Potions
 a - a potion of magic
 d - a potion of heal wounds {unknown}
 i - a potion of curing {unknown}
 k - a potion of mutation {unknown}
 l - a potion of lignification {unknown}
 m - a potion of might {unknown}


   Skills:
 + Level 2.1 Fighting
 + Level 0.9 Long Blades
 + Level 2.6 Dodging
 - Level 1.7 Stealth
 + Level 2.8 Spellcasting
 + Level 4.6 Summonings
 + Level 0.2 Necromancy


You had 2 spell levels left.
You knew the following spells:

 Your Spells              Type           Power      Damage    Failure   Level
a - Summon Small Mammal   Summ           72%        N/A       2%          1
b - Call Imp              Summ           18%        N/A       4%          2
c - Call Canine Familiar  Summ           18%        N/A       9%          3

Your spell library contained the following spells:

 Spells                   Type           Power      Damage    Failure   Level
 Summon Guardian Golem    Hex/Summ       10%        N/A       21%         3
 Summon Lightning Spire   Summ/Air       10%        N/A       56%         4


Dungeon Overview and Level Annotations

Branches:
Dungeon (4/15)             Temple (1/1) D:4

Altars:
Cheibriados
Gozag
Hepliaklqana
Kikubaaqudgha
Nemelex Xobeh
Okawaru
Qazlal
Ru
Trog
Yredelemnul
Zin
The Shining One

Shops:
D:1 =:*?!


Innate Abilities, Weirdness & Mutations

Your plain brown scales are hard. (AC +5)
You cannot fit into any form of body armour.
You are cold-blooded and may be slowed by cold attacks.


Message History

You climb downwards.
The gnoll hits you with a +0 flail! x2
There is a stone staircase leading up here.
The gnoll attacks as you move away! The gnoll closely misses you.
There is an escape hatch in the ceiling here.
The gnoll hits you with a +0 club. The gnoll hits you with a +0 flail.
A mysterious force pulls you upwards. The hatch slams shut behind you.
The gnoll attacks as you move away! The gnoll misses you.
The gnoll attacks as you move away! The gnoll hits you with a +0 club.
* * * LOW HITPOINT WARNING * * *
The gnoll attacks as you move away! The gnoll closely misses you.
The gnoll attacks as you move away! The gnoll hits you with a +0 flail.
* * * LOW HITPOINT WARNING * * *
The gnoll attacks as you move away! The gnoll hits you but does no damage.
Casting: Call Imp (safe; 4% risk of failure)
Confirm with . or Enter, or press ? or * to list all spells.
A beastly little devil appears in a puff of frigid air.
The gnoll closely misses you.
You hit the gnoll.
Your tail-slap misses the gnoll.
The gnoll is moderately wounded.
The gnoll misses you.
Your white imp barely misses the gnoll.
You hit the gnoll.
The gnoll is moderately wounded.
The gnoll closely misses you.
Your white imp gestures at the gnoll.
The puff of frost hits the gnoll!
The gnoll dies!
Kikubaaqudgha accepts your kill.
Your white imp gestures at the gnoll.
The puff of frost hits the gnoll!
You catch the helpless gnoll completely off-guard!
You hit the gnoll. You tail-slap the gnoll.
The gnoll is almost dead.
The gnoll hits you with a +0 club.
* * * LOW HITPOINT WARNING * * *
Your white imp barely misses the gnoll.
You barely miss the gnoll.
The gnoll is almost dead.
The gnoll hits you with a +0 club.
You die...
Kikubaaqudgha rasps: "You have failed me!
Welcome... death!"

#.# ##### #.##.#5#
#.# ##...####......#
#.###..........#.###
#................#
####........##.###
#........##.#
##.....####.#
##...5####.#
####.g@...# ########


You could see a gnoll (ally target) and a friendly white imp (summoned).

Vanquished Creatures
  A gnoll (D:4)
  4 adders
  A worm (D:3)
  2 dart slugs
  6 bats
  6 endoplasms
  6 goblins
  2 hobgoblins
  5 quokkas
  3 ball pythons
  A frilled lizard (D:3)
  A kobold (D:2)
  4 rats
42 creatures vanquished.

Vanquished Creatures (collateral kills)
  A gnoll (D:3)
  A dart slug (D:1)
  An orc (D:4)
  2 bats
  A giant cockroach (D:2)
  A goblin (D:2)
  A hobgoblin (D:2)
  A quokka (D:1)
  3 ball pythons
  A frilled lizard (D:2)
  A rat (D:1)
14 creatures vanquished.

Grand Total: 56 creatures vanquished

Notes
Turn   | Place    | Note
-------+----------+-------------------------------------------
     0 | D:1      | siradein the Draconian Summoner began the quest for the
                  | Orb.
     0 | D:1      | Reached XP level 1. HP: 14/14 MP: 3/3
   113 | D:1      | Found Falukh's Distillery.
   197 | D:1      | Found Tobaladd's Magic Scroll Boutique.
   241 | D:1      | Reached XP level 2. HP: 21/22 MP: 3/5
   253 | D:1      | Learned a level 2 spell: Call Imp
   257 | D:1      | Found Ucwouhux's Book Boutique.
   416 | D:1      | Reached skill level 1 in Fighting
   512 | D:1      | Found Quagget's Jewellery Shoppe.
   748 | D:1      | Found a faded altar of an unknown god.
   790 | D:1      | Found Diext's Assorted Antiques.
  1229 | D:2      | Reached XP level 3. HP: 19/28 MP: 6/6
  1245 | D:2      | HP: 1/28 [hobgoblin (4)]
  1546 | D:1      | Learned a level 3 spell: Call Canine Familiar
  1783 | D:2      | Reached XP level 4. HP: 36/36 MP: 7/7
  2399 | D:3      | Found a faded altar of an unknown god.
  2929 | D:4      | Found a staircase to the Ecumenical Temple.
  2938 | Temple   | Entered the Ecumenical Temple
  3009 | Temple   | Became a worshipper of Kikubaaqudgha
  3074 | D:3      | Found a sparkling altar of Nemelex Xobeh.
  3132 | D:3      | Slain by a gnoll

Illustrated notes

Levels and vault maps discovered:
D:1:      lightli_arrival_chessboard, layout_loops_ring,
          hellmonk_ecumenical_altar_heavens_door, serial_shops,
          nicolae_shop_waterfront, nicolae_shop_waterfront, nicolae_square_shop,
          nicolae_shop_temple_entry_statues_fountains,
          nicolae_shop_advertising_works [nicolae_subvault_shop_adworks],
          serial_bayou_ford_a
D:2:      layout_rooms
D:3:      layout_loops_cross, nicolae_overflow_ecumenical_swirl,
          guppyfry_early_lair_pool
D:4:      layout_basic, gammafunk_temple_overflow_wave,
          minmay_temple_entry_grid, gammafunk_ghost_cemetery, uniq_ijyb
Temple:   eino_temple_rhombus

Skill      XL: |  1  2  3  4 |
---------------+-------------+-----
Dodging        | 2 |  2.6
Fighting       | 1 2 |  2.1
Long Blades    | |  0.9
Stealth        | |  1.7
Spellcasting   | |  2.8
Summonings     | |  4.6
Necromancy     | |  0.2

Action                   |  1- 3 |  4- 6 || total
-------------------------+-------+-------++-------
Melee: Short sword       |    45 |       ||    45
       Tailslap          |     8 |     4 ||    12
       Long sword        |    60 |    38 ||    98
       Punch             |     3 |       ||     3
       Falchion          |       |    17 ||    17
 Cast: Summon Small Mamm |     3 |       ||     3
       Call Imp          |    11 |     9 ||    20
  Use: Scroll            |     1 |     2 ||     3
 Stab: Sleeping          |     6 |       ||     6
       Distracted        |     1 |     1 ||     2
Armor: Skin              |    58 |    13 ||    71
Dodge: Dodged            |    99 |    58 ||   157

Table legend: (Time is in decaauts)
 A = Elapsed time spent in this place.
 B = Non-inter-level travel time spent in this place.
 C = Inter-level travel time spent in this place.
 D = Time resting spent in this place.
 E = Time spent auto-exploring this place.
 F = Levels seen in this place.
 G = Mean time per level.
                   A        B        C        D        E       F      G
               +--------+--------+--------+--------+--------+-----+--------+
         Total |   3181 |   3112 |     69 |    262 |   2200 |   5 |  636.2 |
       Dungeon |   3088 |   3019 |     69 |    262 |   2147 |   4 |  772.0 |
        Temple |     92 |     92 |      0 |      0 |     53 |   1 |   92.0 |
               +--------+--------+--------+--------+--------+-----+--------+

Top non-repeatable levels by time:
     D:1: 1455 daAuts
     D:3: 795 daAuts
     D:2: 666 daAuts
     D:4: 171 daAuts
  Temple: 92 daAuts
